 Dungeon Crawl Stone Soup version 0.30.0-10-gfe55d96785 (webtiles) character file.

Game seed: 13960774494231056199

1446 juan097 the Chopper (level 8, 0/70 HPs)
             Began as a Minotaur Fighter on May 15, 2023.
             Slain by a vampire mosquito (2 damage)
             ... on level 7 of the Dungeon.
             The game lasted 00:06:57 (4837 turns).

juan097 the Chopper (Minotaur Fighter)              Turns: 4837, Time: 00:06:58

Health: 0/70       AC: 10    Str: 30    XL:     8   Next: 46%
Magic:  7/7        EV: 11    Int:  5    God:
Gold:   313        SH:  5    Dex:  9    Spells: 7/7 levels left

rFire   . . .        a - +0 war axe
rCold   . . .        c - +0 buckler
rNeg    . . .        b - +0 scale mail
rPois   .            (helmet restricted)
rElec   .            o - +0 cloak
rCorr   .            F - +0 pair of gloves
SInv    +            (no boots)
Will    .....        (no amulet)
Stlth   +            j - ring of see invisible
HPRegen 0.31/turn    y - +6 ring of strength
MPRegen 0.10/turn

%: no passive effects
@: mighty
A: horns 2, retaliatory headbutt
a: no special abilities


You were on level 7 of the Dungeon.
You visited 1 branch of the dungeon, and saw 7 of its levels.

You collected 313 gold pieces.

Inventory:

Hand Weapons
 a - a +0 war axe (weapon)
 n - a +1 mace of venom
Missiles
 f - 18 poisoned darts
 g - 11 boomerangs (quivered)
 h - 9 javelins
 A - 8 curare-tipped darts
Armour
 b - a +0 scale mail (worn)
 c - a +0 buckler (worn)
 o - a +0 cloak (worn)
 E - a +0 kite shield
 F - a +0 pair of gloves (worn)
Jewellery
 j - a ring of see invisible (left hand)
 y - a +6 ring of strength (right hand)
 C - a ring of ice
 L - a ring of flight
Wands
 D - a wand of charming (6)
 K - a wand of iceblast (4)
Scrolls
 e - a scroll of fog {unknown}
 i - 2 scrolls of fear {unknown}
 k - 7 scrolls of identify {unknown}
 q - 2 scrolls of teleportation {unknown}
 r - a scroll of acquirement {unknown}
 t - a scroll of poison {unknown}
 v - 2 scrolls of immolation {unknown}
 B - a scroll of blinking {unknown}
 G - a scroll of magic mapping {unknown}
 I - 2 scrolls of amnesia {unknown}
 J - a scroll of summoning {unknown}
 M - a scroll of torment {unknown}
Potions
 d - a potion of might
 l - 3 potions of magic {unknown}
 m - a potion of degeneration {unknown}
 p - 2 potions of curing {unknown}
 s - 2 potions of flight {unknown}
 u - 2 potions of attraction {unknown}
 w - a potion of haste {unknown}
 x - a potion of lignification {unknown}
 z - a potion of heal wounds {unknown}
 H - a potion of invisibility {unknown}


   Skills:
 + Level 6.0 Fighting
 * Level 7.2 Axes
 + Level 5.9 Armour
 + Level 4.0 Dodging
 + Level 3.3 Stealth
 + Level 5.9 Shields


You had 7 spell levels left.
You didn't know any spells.
Your spell library contained the following spells:

 Spells                   Type           Power      Damage    Failure   Level
 Freeze                   Ice            0%         1d3       77%         1
 Shock                    Conj/Air       0%         1d3       77%         1
 Ensorcelled Hibernation  Hex/Ice        0%         N/A       88%         2
 Passwall                 Tmut/Erth      0%         N/A       88%         2
 Static Discharge         Conj/Air       0%         2-2/arc   88%         2
 Frozen Ramparts          Ice            0%         1d1       98%         3
 Hailstorm                Conj/Ice       0%         3d3       98%         3
 Swiftness                Air            0%         N/A       98%         3
 Airstrike                Air            0%         2d(0-16)  100%        4
 Summon Lightning Spire   Summ/Air       0%         N/A       100%        4


Dungeon Overview and Level Annotations

Branches:
Dungeon (7/15)
 Temple: D:4-7

Altars:

Shops:
D:6 :

Annotations:
D:2 1 runed translucent door, Crazy Yiuf


Innate Abilities, Weirdness & Mutations

You have a pair of horns on your head.
You reflexively headbutt those who attack you in melee.


Message History

You slash the vampire mosquito! The vampire mosquito bites you!
* * * LOW HITPOINT WARNING * * *
The vampire mosquito draws strength from your injuries!
The vampire mosquito bites you!
* * * LOW HITPOINT WARNING * * *
The vampire mosquito draws strength from your injuries!
The vampire mosquito completely misses you.
The vampire mosquito bites you but does no damage.
You block the vampire mosquito's attack.
The vampire mosquito bites you.
* * * LOW HITPOINT WARNING * * *
The vampire mosquito draws strength from your injuries!
Okay, then.
Aiming: Charm
Press: ? - help, Shift-Dir - straight line, f - vampire mosquito
Aim: a vampire mosquito (lightly damaged, chance to affect: 49%)
The vampire mosquito is charmed.
The vampire mosquito bites you but does no damage.
The vampire mosquito barely misses you.
The vampire mosquito attacks as you move away!
You block the vampire mosquito's attack.
Something bites your vampire mosquito! x2
Something misses your vampire mosquito. Something bites your vampire mosquito!
Your vampire mosquito is destroyed!
You feel very mighty all of a sudden. The vampire mosquito bites you.
* * * LOW HITPOINT WARNING * * *
The vampire mosquito draws strength from your injuries!
You closely miss the vampire mosquito.
Your headbutt misses the vampire mosquito.
The vampire mosquito is heavily damaged.
The vampire mosquito closely misses you.
The vampire mosquito bites you.
* * * LOW HITPOINT WARNING * * *
The vampire mosquito draws strength from your injuries!
The vampire mosquito closely misses you.
You miss the vampire mosquito.
The vampire mosquito is heavily damaged.
The vampire mosquito bites you.
You die...

# #.
####.#######
...........#.#
#.y@....#
#†###.### #<.#
# 8.8....†.#
.....##..#
.... #..# ...
#..# .. #..# .
#..#


You could see a vampire mosquito.

Vanquished Creatures
  A vampire mosquito (D:7)
  A black bear (D:4)
  3 ogres
  A centaur (D:5)
  A phantom (D:5)
  A bullfrog (D:6)
  A gnoll sergeant (D:5)
  A scorpion (D:6)
  3 hounds
  A jelly (D:6)
  2 orc priests
  An iguana (D:5)
  An orc wizard (D:3)
  Natasha (thrice) (D:4)
  Robin (D:2)
  7 gnolls (D:5)
  6 adders
  A shadow imp (D:6)
  3 ufetubi
  5 worms
  3 dart slugs
  5 orcs
  5 ball pythons
  6 bats
  9 endoplasms
  3 giant cockroaches (D:4)
  18 goblins
  13 hobgoblins
  7 jackals (D:3)
  8 kobolds
  3 quokkas
  3 frilled lizards
  6 rats
133 creatures vanquished.

Vanquished Creatures (others)
  A vampire mosquito (D:7)
1 creature vanquished.

Grand Total: 134 creatures vanquished

Notes
Turn   | Place    | Note
-------+----------+-------------------------------------------
     0 | D:1      | juan097 the Minotaur Fighter began the quest for the Orb.
     0 | D:1      | Reached XP level 1. HP: 19/19 MP: 0/0
   184 | D:1      | Reached XP level 2. HP: 25/27 MP: 1/1
   439 | D:1      | Reached skill level 3 in Axes
   616 | D:2      | Reached XP level 3. HP: 33/33 MP: 2/2
   794 | D:2      | Reached skill level 1 in Dodging
   797 | D:2      | Reached skill level 1 in Stealth
   859 | D:2      | Reached XP level 4. HP: 40/40 MP: 3/3
   910 | D:2      | Found a runed translucent door.
   911 | D:2      | Noticed Crazy Yiuf
  1316 | D:2      | Noticed Robin
  1321 | D:2      | Killed Robin
  1934 | D:3      | Reached skill level 4 in Axes
  1934 | D:3      | Reached XP level 5. HP: 28/46 MP: 4/4
  2759 | D:4      | Noticed Natasha
  2764 | D:4      | Killed Natasha
  2877 | D:4      | Noticed a black bear
  2883 | D:4      | Killed a black bear
  2884 | D:4      | Reached XP level 6. HP: 53/53 MP: 5/5
  3007 | D:4      | Noticed Natasha
  3012 | D:4      | Killed Natasha
  3013 | D:4      | Reached skill level 5 in Axes
  3080 | D:4      | Noticed Natasha
  3100 | D:4      | Killed Natasha
  3157 | D:5      | Entered Level 5 of the Dungeon
  3205 | D:5      | Reached skill level 5 in Fighting
  3205 | D:5      | Reached XP level 7. HP: 30/61 MP: 6/6
  3271 | D:5      | Identified the +1 leather armour of Kuaken {rF+}
  3352 | D:5      | Reached skill level 5 in Shields
  3365 | D:5      | Reached skill level 5 in Armour
  3372 | D:5      | HP: 3/61 [gnoll sergeant/+1 heavy trident (10)]
  3613 | D:4      | Reached skill level 6 in Axes
  3808 | D:5      | Reached XP level 8. HP: 47/69 MP: 7/7
  4395 | D:6      | Found Ofisejeg's Book Shop.
  4827 | D:7      | Reached skill level 7 in Axes
  4836 | D:7      | HP: 1/70 [vampire mosquito (3)]
  4837 | D:7      | Slain by a vampire mosquito

Illustrated notes

Levels and vault maps discovered:
D:1:      minmay_arrival_arboretum_large, layout_basic
D:2:      layout_loops_corners, uniq_robin, uniq_crazy_yiuf_cottage
D:3:      layout_basic, amcnicky_mini_corridor_feature
D:4:      layout_cave_pools, uniq_natasha
D:5:      layout_cave_pools
D:6:      layout_rooms, serial_shops, nicolae_square_shop, wad_floor_pattern_2
D:7:      lemuel_slime, layout_basic, eat_drink_and_be_merry_uskayaw,
          mainiacjoe_overflow_divided_tiny, minmay_temple_entry_tees,
          bh_walls_and_bars

Skill      XL: |  1  2  3  4  5  6  7  8 |
---------------+-------------------------+-----
Axes           | 3 4 5 6 7 |  7.2
Fighting       | 4 5 6 |  6.0
Dodging        | 1 2 3 4 |  4.0
Stealth        | 1 2 3 |  3.3
Shields        | 4 5 |  5.9
Armour         | 4 5 |  5.9

Action                     |  1- 3 |  4- 6 |  7- 9 || total
---------------------------+-------+-------+-------++-------
  Melee: War axe           |    66 |   152 |    76 ||   294
         Headbutt          |     5 |    32 |    12 ||    49
  Throw: Dart              |       |     8 |     4 ||    12
         Boomerang         |       |     1 |    11 ||    12
  Evoke: Wand              |       |       |     1 ||     1
    Use: Potion            |       |       |     1 ||     1
 Armour: Scale mail        |    23 |    43 |    40 ||   106
  Dodge: Dodged            |    35 |    73 |    62 ||   170
  Block: Buckler           |     9 |    26 |    33 ||    68
